 Dungeon Crawl Stone Soup version 0.25-a0-341-g6f074c887a (webtiles) character file.

Game seed: 179503637400455010, levelgen mode: deterministic

125 Gargoyl the Skirmisher (level 4, -7/39 HPs)
             Began as a Centaur Abyssal Knight on Dec 30, 2019.
             Was a Follower of Lugonu.
             Mangled by Sigmund
             ... wielding a +0 scythe
              (10 damage)
             ... on level 2 of the Dungeon.
             The game lasted 00:04:42 (1803 turns).

Gargoyl the Skirmisher (Centaur Abyssal Knight)     Turns: 1803, Time: 00:04:42

Health: -7/39      AC: 12    Str: 19    XL:     4   Next: 82%
Magic:  6/6        EV:  7    Int: 11    God:    Lugonu [*.....]
Gold:   178        SH:  0    Dex: 10    Spells: 3/3 levels left

rFire    . . .     SeeInvis .   a - +1 hand axe
rCold    . . .     Gourm    .   (no shield)
rNeg     . . .     Faith    .   b - +0 leather armour
rPois    +         Spirit   .   (no helmet)
rElec    .         Reflect  .   d - +2 cloak {rPois}
rCorr    .         Harm     .   (no gloves)
MR       .....                  i - +0 centaur barding
Stlth    ..........             (no amulet)
HPRegen  0.13/turn              (no ring)
MPRegen  0.10/turn              (no ring)

@: confused, mighty, very quick
A: large, hooves 3, deformed body, speed 2, tough skin 3
a: Depart the Abyss, Renounce Religion


You were on level 2 of the Dungeon.
You worshipped Lugonu.
Lugonu was aware of your devotion.
You were very hungry.

You visited 1 branch of the dungeon, and saw 2 of its levels.
You visited the Abyss 1 time.

You collected 178 gold pieces.

Inventory:

Hand Weapons
 a - a +1 hand axe (weapon)
Armour
 b - a +0 leather armour (worn)
 d - a +2 cloak of poison resistance (worn)
 i - a +0 centaur barding (worn)
Jewellery
 j - a cursed -4 ring of strength {unknown}
Scrolls
 f - a scroll of noise {unknown}
 h - 2 scrolls of identify {unknown}
 k - a scroll of teleportation {unknown}
 l - a scroll of immolation {unknown}
 m - a scroll of blinking {unknown}
Comestibles
 c - 6 rations


   Skills:
 + Level 3.6 Fighting
 + Level 2.7 Axes
 * Level 2.2 Armour
 * Level 1.4 Dodging
 * Level 2.6 Invocations


You had 3 spell levels left.
You didn't know any spells.
Your spell library was empty.

Dungeon Overview and Level Annotations

Branches:
Dungeon (2/15)

Altars:

Annotations:
D:2 Sigmund


Innate Abilities, Weirdness & Mutations

You have hooves in place of feet.
Armour fits poorly on your strangely shaped body.
You cover ground very quickly.
You have extremely tough skin. (AC +3)


Message History

Sigmund gestures wildly while chanting.
Sigmund flickers and vanishes!
Deactivating autopickup; reactivate with Ctrl-A.
You completely miss something. You kick something!
You are feeling very hungry.
Something hits you! Something hits you.
You're too confused to move!
You feel very mighty all of a sudden.
You feel less confused.
You hear some strange, mumbled words.
You are confused.
Something hits you but does no damage. Something hits you!
* * * LOW HITPOINT WARNING * * *
You're too confused to move!
You bump into the rock wall.
Something hits you.
* * * LOW HITPOINT WARNING * * *
Unknown command.
You bump into the rock wall.
Something hits you!
You die...

#### ####### ..|
#.....## ..
.......####### .#
...>......# )..###.#
8.....8.#. ##.#...#
## ........#
#.#..{..# ..
..8.8.....#.####..#.#
..........#.#..#@...#
8.....8.###.#..#.####
...<....###.#..#.#
.......#..#.#....#
#.....###.#.#.#####
#########.#.......##
###
.....................
..
.....................
.. ..
.......##.#.#.....###
#.## ...


There were no monsters in sight!

Vanquished Creatures
  Natasha (twice) (D:2)
  3 adders (D:2)
  A dart slug (D:1)
  A leopard gecko (D:2)
  5 bats
  9 hobgoblins
  3 jackals (D:1)
  A quokka (D:2)
  3 frilled lizards
  6 goblins
  5 kobolds
  5 rats
44 creatures vanquished.

Notes
Turn   | Place    | Note
-------+----------+-------------------------------------------
     0 | Abyss:1  | Gargoyl the Centaur Abyssal Knight began the quest for the
                  | Orb.
     0 | Abyss:1  | Reached XP level 1. HP: 19/19 MP: 2/2
    70 | Abyss:1  | Noticed a small abomination
    74 | Abyss:1  | Noticed a small abomination
    79 | D:1      | Escaped the Abyss
   276 | D:1      | Reached XP level 2. HP: 22/26 MP: 3/3
   348 | D:1      | Reached * piety under Lugonu
   358 | D:1      | Reached skill level 1 in Dodging
   693 | D:1      | Reached XP level 3. HP: 28/31 MP: 4/4
  1156 | D:2      | Noticed Natasha
  1164 | D:2      | Killed Natasha
  1257 | D:2      | Noticed Natasha
  1447 | D:2      | Killed Natasha
  1447 | D:2      | Reached XP level 4. HP: 31/38 MP: 5/5
  1782 | D:2      | Noticed Sigmund
  1803 | D:2      | Mangled by Sigmund

Levels and vault maps discovered:
D:1:      tarquinn_simple_flora_water_c, layout_basic, serial_curves,
          eino_curves_03, eino_curves_03, minmay_misc_feat_pillars
D:2:      layout_basic, grunt_ministairs_10, uniq_robin, uniq_sigmund,
          uniq_natasha

Skill      XL: |  1  2  3 |
---------------+----------+-----
Axes           | 2 |  2.7
Dodging        | 1 |  1.4
Armour         | 2 |  2.2
Fighting       | |  3.6
Invocations    | |  2.6

Action                   |  1- 3 |  4- 6 || total
-------------------------+-------+-------++-------
Melee: Hand axe          |    90 |    49 ||   139
       Kick              |    11 |    10 ||    21
Invok: Depart the Abyss  |     1 |       ||     1
  Use: Potion            |       |     1 ||     1
  Eat: Chunk             |       |     1 ||     1
Armor: Leather armour    |    68 |    27 ||    95
Dodge: Dodged            |    38 |    18 ||    56

Table legend:
 A = Non-vault XP
 B = Vault XP
 C = Vault XP percentage of total XP
 D = Non-vault monster count
 E = Vault monster count
 F = Vault count percentage of total count
                 A         B        C        D         E       F
            +---------+---------+-------+---------+---------+-------
      Total |     141 |      38 |  21.2 |      42 |       2 |   4.5
            +---------+---------+-------+---------+---------+-------
        D:1 |      45 |       0 |   0.0 |      27 |       0 |   0.0
        D:2 |      96 |      38 |  28.4 |      15 |       2 |  11.8
            +---------+---------+-------+---------+---------+-------
